[Event "Late-Titled-Tuesday-Blitz-October-17-2023"]
[Site "Chess.com"]
[Date "2023.10.17"]
[Round "2"]
[White "kiwibobo"]
[Black "ArtemDyachuk"]
[Result "0-1"]
[WhiteElo "2292"]
[BlackElo "2681"]
[TimeControl "180+1"]
[EndTime "14:18:20 PDT"]
[Termination "ArtemDyachuk won by resignation"]

1. e4 c5 2. Nf3 d6 3. d4 cxd4 4. Nxd4 Nf6 5. Nc3 Nc6 6. Be2 e5 7. Nf3 h6 8. O-O Be6 9. Re1 a6 10. h3 g5 11. Nh2 Ne7 12. Ng4 Ng6 13. Nxf6+ Qxf6 14. Nd5 Qd8 15. Be3 Nf4 16. Bb6 Qc8 17. Nc7+ Ke7 18. Nxa8 Nxe2+ 19. Rxe2 Qxa8 20. Bc7 Kd7 21. Bb6 Qc8 22. Rd2 Qc6 23. Be3 Qxe4 24. Qe2 Rg8 25.
Rad1 Qc6 26. c3 Be7 27. Qh5 Rg6 28. Kh2 b6 29. Qe2 b5 30. Qd3 g4 31. hxg4 Rxg4 32.
f3 Rg6 33. Qe4 f5 34. Qxc6+ Kxc6 35. b3 d5 36. Bf2 Bd6 37. c4 bxc4 38. bxc4 d4 39. Re1 e4+ 40. g3 e3 41. Bxe3 Bxg3+ 42. Kh1 dxe3 43. Rxe3 Bf4 44. Rxe6+ Rxe6 45. Rd4 Bg5 46. f4 Bf6 47. Rd5 Re4 48. Rxf5 Bg7 49. Rf7 Bd4 50. Rh7 Re6 51. f5 Rf6 52. Kg2 Be3 53.
Kf3 Bg5 54. Ke4 Kc5 55. Ra7 Kxc4 56. Rc7+ Kb5 57. Ke5 a5 58. Rg7 Rf8 59. Ke6 a4 60. Rg6 a3 61. f6 Rxf6+ 62. Rxf6 Bxf6 63. Kxf6 Kc4 64. Kg6 Kc3 65. Kxh6 Kb2 66. Kg5 Kxa2 67. Kf4 Kb1 68. Ke3 a2 69. Kd3 a1=Q 0-1

[Event "Late-Titled-Tuesday-Blitz-October-17-2023"]
[Site "Chess.com"]
[Date "2023.10.17"]
[Round "2"]
[White "Semetey"]
[Black "Alexander_Donchenko"]
[Result "0-1"]
[WhiteElo "2547"]
[BlackElo "2877"]
[TimeControl "180+1"]
[EndTime "14:18:23 PDT"]
[Termination "Alexander_Donchenko won on time"]

1. a3 d5 2. d4 Nf6 3. Nc3 e6 4. Bf4 Bd6 5. e3 O-O 6. Nf3 b6 7. Bd3 Ba6 8. Bxa6 Nxa6 9. Qd3 Nb8 10. Ne5 c5 11. Nb5 Bxe5 12. Bxe5 Nc6 13. Bd6 Re8 14. dxc5 bxc5 15. Bxc5 Ne4 16. Bd4 Rb8 17. b4 a6 18. Nc3 e5 19. Bc5 Nxc5 20. bxc5 d4 21. Ne4 Qa5+ 22. Ke2 Red8 23. Qc4 Rb2 24. Rhd1 dxe3 25. Rxd8+ Qxd8 26. Rd1 Qh4 27. fxe3 Qg4+ 28. Ke1 Qxg2 29. Qd5 Qg1+ 30. Ke2 Rxc2+ 31. Rd2 Qxh2+ 32. Kd3 Rxd2+ 33. Nxd2 Qh6 34. Ne4 Qg6 35. Kc4 h5 36. Kc3 h4 37. Nd6 Ne7 38. Qa8+ Kh7 39. Qh1 Qh5 40.
Ne4 f6 41. Kc4 Qe2+ 42. Kb4 Qxe3 43. Qxh4+ Kg8 44. Nd6 Nc6+ 45. Kc4 Qe2+ 46. Kd5 Qf3+ 47. Ke6 Qb3+ 48. Kd7 Nd4 49. Qh5 Qe6+ 50. Kc7 Qe7+ 51. Kb6 e4 52. Qd5+ Ne6 0-1

[Event "Late-Titled-Tuesday-Blitz-October-17-2023"]
[Site "Chess.com"]
[Date "2023.10.17"]
[Round "2"]
[White "dodoucb"]
[Black "Bauman_Guy"]
[Result "0-1"]
[WhiteElo "2544"]
[BlackElo "2871"]
[TimeControl "180+1"]
[EndTime "14:18:24 PDT"]
[Termination "Bauman_Guy won by resignation"]

1. d4 Nf6 2. c4 e6 3. Nf3 b6 4. g3 Ba6 5. Qc2 Bb7 6. Bg2 c5 7. d5 exd5 8. cxd5 Nxd5 9. O-O Be7 10. Rd1 Nc6 11. e4 Nc7 12. Nc3 O-O 13. a3 Re8 14.
Bf4 Ne6 15. Be3 Bf8 16. Rd2 d6 17. Rad1 Qb8 18. h4 h6 19. h5 a6 20. Nd5 Qa7 21. Bh3 Rad8 22. b4 Ne5 23. Nxe5 dxe5 24. Bxe6 fxe6 25. Nf6+ gxf6 26. Rxd8 Bc6 27. bxc5 bxc5 28.
Rxe8 Bxe8 29. Rc1 Qb7 30. Bxc5 Bg7 31. Qe2 Bc6 32. Rd1 Bxe4 33. Rd8+ Kh7 34. Qc4 Qb1+ 35. Qf1 Qb3 36. Rd7 Qf3 37. Qh3 Bf5 38. Qg2 Qxg2+ 39. Kxg2 Kg8 40. f3 e4 41. g4 exf3+ 42. Kxf3 Bb1 43.
Kf4 e5+ 44. Kg3 Ba2 45. Ra7 Bc4 46. Rc7 Bb5 47. Rc8+ Kf7 48. Rc7+ Kg8 49. Bd6 Bd3 50. Kf3 Bb5 51. Ke3 Ba4 52. Ke4 Bb5 53. Kf5 Bd3+ 54. Ke6 Be2 55. Rc8+ Kh7 56. Kf7 Bxg4 57. Rg8 Bxh5+ 0-1

[Event "Late-Titled-Tuesday-Blitz-October-17-2023"]
[Site "Chess.com"]
[Date "2023.10.17"]
[Round "2"]
[White "FrankDux44"]
[Black "campochess"]
[Result "1-0"]
[WhiteElo "2656"]
[BlackElo "2187"]
[TimeControl "180+1"]
[EndTime "14:18:24 PDT"]
[Termination "FrankDux44 won by resignation"]

1. d4 Nf6 2. c4 g6 3. Nc3 d5 4. cxd5 Nxd5 5. Bd2 Nxc3 6. Bxc3 Bg7 7. h4 h6 8. Nf3 c6 9. e3 Nd7 10.
Bc4 Nf6 11. Ne5 Nd5 12. Qf3 Bxe5 13. dxe5 Be6 14. e4 Nc7 15. Rd1 Qc8 16. Bxe6 Qxe6 17. b3 O-O 18. h5 g5 19. Qf5 Rad8 20. O-O b6 21. g3 Qxf5 22. exf5 e6 23. Rd6 c5 24. fxe6 Nxe6 25. Rfd1 Rfe8 26. f4 gxf4 27. gxf4 Rxd6 28. exd6 Nf8 29. Bf6 Nd7 30. Be7 f6 31. a3 Kf7 32. b4 Rc8 33. bxc5 Rxc5 34. Kf2 Rxh5 35. Kf3 Rc5 36. Kg4 b5 37. Rh1 h5+ 38. Kf3 a5 39. Ke4 b4 40. axb4 axb4 41. Rb1 Rb5 42. Kd4 Ke6 43. Kc4 Rf5 44. Re1+ Kf7 45.
Bd8 Rxf4+ 46. Kd5 Rf5+ 47. Kc6 Ne5+ 48. Kc7 Rf3 49. Kc8 Rd3 50. Bc7 b3 51. Rh1 Kg6 52. Rg1+ Kf5 53. Rf1+ Kg5 54. Rg1+ Kf4 55. Rf1+ Rf3 56.
d7 Rxf1 57. d8=Q b2 58. Qxf6+ Kg4 59. Qxf1 Nf3 60. Qg2+ 1-0

[Event "Late-Titled-Tuesday-Blitz-October-17-2023"]
[Site "Chess.com"]
[Date "2023.10.17"]
[Round "2"]
[White "jerry_77"]
[Black "alexrustemov"]
[Result "1-0"]
[WhiteElo "2608"]
[BlackElo "2821"]
[TimeControl "180+1"]
[EndTime "14:18:25 PDT"]
[Termination "jerry_77 won by resignation"]

1. e4 e6 2. d4 d5 3. Nc3 dxe4 4.
Nxe4 Bd7 5. Nf3 Bc6 6. Bd3 Nd7 7. c3 Ngf6 8. Qe2 Nxe4 9. Bxe4 Bxe4 10. Qxe4 c6 11.
O-O Be7 12. Bf4 O-O 13. Rfe1 Re8 14. Qc2 Qa5 15. h3 Rad8 16. Be5 h6 17. Nd2 c5 18.
Nb3 Qb5 19. dxc5 Nxc5 20. Bd4 Na4 21. Qc1 Bg5 22. f4 Bh4 23. Re3 Qc6 24. Qd1 Bf6 25. Qe2 Bxd4 26. Nxd4 Qb6 27. Rf1 Qxb2 28. Qg4 Nxc3 29. Nf3 Nd5 30. Re5 Nf6 31. Qh4 Qxa2 32. Kh2 Rd5 33. Rc1 Rxe5 34. fxe5 Nd5 35. Qd4 b6 36.
Ra1 Qe2 37. Rxa7 Rc8 38. Ng1 Rc4 39. Nxe2 Rxd4 40. Nxd4 Nf4 41. Nc6 g5 42. Rb7 Kg7 43.
Rxb6 h5 44. Rb7 Kg6 45. Nd8 Kf5 46. Nxf7 h4 47. Rb5 Nd5 48. Ra5 Kf4 49. Ra4+ Kf5 50.
Rg4 Ne3 51. Rxg5+ Kf4 52. Rh5 Nf1+ 53. Kg1 Ng3 54. Rxh4+ Kf5 55. Nh6+ Kxe5 56. Ra4 Kd5 57. Ng4 Nf5 58. Ra5+ Kd6 59. Rxf5 exf5 60. Nf2 Ke5 61. g3 Kd4 62. Kg2 Ke3 63. h4 f4 64. gxf4 Kxf4 65.
Kh3 Kf5 66. Nh1 Kf4 67. Ng3 Ke5 68. Kg4 Kf6 69. h5 Kg7 70. Kg5 Kh7 71. h6 Kh8 72.
Kg6 Kg8 73. Ne4 Kh8 74. Nd6 Kg8 75. h7+ 1-0

[Event "Late-Titled-Tuesday-Blitz-October-17-2023"]
[Site "Chess.com"]
[Date "2023.10.17"]
[Round "2"]
[White "szachmistrz2500"]
[Black "stefan_95"]
[Result "0-1"]
[WhiteElo "2416"]
[BlackElo "2728"]
[TimeControl "180+1"]
[EndTime "14:18:29 PDT"]
[Termination "stefan_95 won on time"]

1. Nf3 Nf6 2. g3 e6 3. Bg2 d5 4.
d3 Be7 5. O-O O-O 6. Nbd2 d4 7.
c4 Nc6 8. a3 a5 9. Qc2 e5 10. e4 Nd7 11. Rb1 a4 12. b4 axb3 13.
Rxb3 Nc5 14. Rb1 f5 15. exf5 Bxf5 16. Ne1 Qe8 17. f3 Qg6 18. Ne4 Bxe4 19. fxe4 Rxf1+ 20. Kxf1 Rf8+ 21. Kg1 Bg5 22. Bd2 Qh6 23. Bb4 Be3+ 24.
Kh1 Rf2 25. Qd1 Ne6 26. Nf3 Qg6 27. Be1 Ra2 28. Ra1 Rxa1 29. Qxa1 Nc5 30. Qd1 Qe8 31. Bb4 Na6 32. Be1 Qe7 33. Qa4 Nc5 34. Qa8+ Kf7 35. Bf1 Qf6 36. Kg2 g5 37. Qc8 Qe7 38. Be2 Kg7 39. Qf5 Qf6 40. Qc8 Qf7 41. h3 h5 42.
Qf5 Qxf5 43. exf5 Kf6 44. g4 hxg4 45. hxg4 e4 46. dxe4 Nxe4 47. Bd3 Nd6 48. Nd2 Ne5 49. Ne4+ Nxe4 50. Bxe4 b6 51. Bd5 Nxg4 52. Kf3 Ne5+ 53.
Ke4 Nf7 54. Be6 Nd6+ 55. Kd5 Nxf5 56. Bxf5 Kxf5 57. Kc6 Bf4 58. Kd5 d3 0-1

[Event "Late-Titled-Tuesday-Blitz-October-17-2023"]
[Site "Chess.com"]
[Date "2023.10.17"]
[Round "2"]
[White "Artem_Koval"]
[Black "MikeSailer"]
[Result "1-0"]
[WhiteElo "2431"]
[BlackElo "2086"]
[TimeControl "180+1"]
[EndTime "14:18:29 PDT"]
[Termination "Artem_Koval won by checkmate"]

1. e4 g6 2. h4 h5 3. Bc4 Bg7 4. Nf3 c6 5. Ng5 d5 6. Bb3 Bg4 7. f3 Bc8 8. Nc3 Nf6 9. e5 Ng8 10. d4 e6 11. Bf4 Nh6 12. g4 hxg4 13. fxg4 Na6 14. Qf3 Qe7 15. h5 gxh5 16. Rxh5 Bd7 17.
O-O-O O-O-O 18. Rdh1 c5 19. dxc5 Nxc5 20. Be3 Nxb3+ 21.
axb3 Kb8 22. Bd4 Rdg8 23. Kb1 Be8 24. Qd3 Nxg4 25. Rxh8 Rxh8 26. Rxh8 Bxh8 27. Nf3 f5 28. exf6 Bxf6 29. Bxf6 Qxf6 30. Nd4 Bg6 31. Qg3+ Ne5 32. Nf3 Bxc2+ 33. Kxc2 Qg6+ 34. Qxg6 Nxg6 35. Nd4 e5 36. Nf5 d4 37. Ne4 Kc7 38. Nc5 b6 39. Ne4 Kc6 40. b4 Kd5 41. Nf6+ Kc4 42. b3+ Kxb4 43. Nd7 e4 44.
Nxd4 Nf4 45. Nc6+ Kb5 46. Nxa7+ Ka5 47. Nc6+ Kb5 48. Nd4+ Ka5 49. Nf6 Ng6 50. Nxe4 Ne5 51. Nd6 Nd7 52. Nc6+ Ka6 53. b4 Nf6 54. b5# 1-0

[Event "Late-Titled-Tuesday-Blitz-October-17-2023"]
[Site "Chess.com"]
[Date "2023.10.17"]
[Round "2"]
[White "stolencandy13"]
[Black "mind1mover"]
[Result "0-1"]
[WhiteElo "2535"]
[BlackElo "2860"]
[TimeControl "180+1"]
[EndTime "14:18:33 PDT"]
[Termination "mind1mover won by resignation"]

1. d4 Nc6 2. Bf4 d6 3. e3 Nf6 4. Nf3 Nh5 5. Bg5 h6 6. Bh4 g5 7. Bg3 Bg7 8. c3 e6 9. Nbd2 Bd7 10. Bd3 a6 11. Qe2 Qe7 12. O-O-O O-O-O 13. Kb1 Kb8 14. Nb3 f5 15. Ne5 dxe5 16. Qxh5 f4 17. exf4 exf4 18. Rhe1 fxg3 19. fxg3 Bc8 20. Nc5 Nxd4 21. cxd4 Rxd4 22. Nb3 Rd6 23. Bc4 Rhd8 24. Rxd6 Rxd6 25. Qe2 Qf6 26. Nc5 Qd4 27. Ne4 Rb6 28. Bb3 a5 29. Rd1 Qe5 30.
Nc3 Qxe2 31. Nxe2 a4 32. Bxa4 Rxb2+ 33. Kc1 Rxe2 34. Rd8 Bf6 35. Rf8 Be7 36. Re8 Ba3+ 37. Kd1 Re4 38. Bc2 Rd4+ 39. Ke2 c6 40. Bb3 Kc7 41.
Ke3 Bc5 42. Kf3 h5 43. Rh8 g4+ 44. Ke2 Re4+ 45. Kd3 Re3+ 46. Kd2 Re5 47. Rh7+ Bd7 48. h3 Kd6 49. hxg4 hxg4 50. Rg7 b5 51. Rxg4 Bb6 52.
Rg6 c5 53. g4 c4 54. Bc2 Ba5+ 55. Kc1 Bc3 56. g5 Bc6 57. Rg8 Bxg2 58. g6 Re1+ 59.
Bd1 Bf3 60. Rd8+ Ke7 61. g7 Bxg7 62. Rd2 Rxd1+ 63. Rxd1 Bxd1 64. Kxd1 Kd6 65. Kc2 Kc5 66. a4 bxa4 0-1

[Event "Late-Titled-Tuesday-Blitz-October-17-2023"]
[Site "Chess.com"]
[Date "2023.10.17"]
[Round "2"]
[White "gunslinger222"]
[Black "Alphafischer2019"]
[Result "0-1"]
[WhiteElo "2361"]
[BlackElo "2606"]
[TimeControl "180+1"]
[EndTime "14:18:35 PDT"]
[Termination "Alphafischer2019 won on time"]

1. d4 Nf6 2. Bg5 Ne4 3. Bf4 g6 4. f3 Nf6 5. e4 d6 6. Bc4 Nbd7 7. Nh3 h6 8. Qd2 Bg7 9. Nc3 e5 10. Be3 Nh5 11. O-O-O g5 12. Nf2 Nf4 13. Rhg1 O-O 14.
g3 Ng6 15. h4 exd4 16. Bxd4 Nde5 17. Be2 Nc6 18. Bxg7 Kxg7 19. hxg5 hxg5 20. f4 f6 21. Rh1 Bd7 22. Rh5 Rh8 23. fxg5 Rxh5 24. gxf6+ Qxf6 25. Bxh5 Nge5 26. Nd5 Qd8 27. Rh1 Be6 28. Bg4 Bxd5 29. Qh6+ Kf7 30. Qh7+ Kf8 31. exd5 Qg5+ 32. Kb1 Ne7 33. Be6 Ng8 34. Ne4 Qg6 35. Rf1+ Ke8 36.
Qxg8+ Qxg8 37. Bxg8 Ke7 38. Be6 Rh8 39. g4 Rh4 40. b3 c6 41. c4 Rh2 42. g5 Rg2 43. Re1 Nd3 44. Rf1 cxd5 45. Bxd5 Ne5 46. Re1 Rh2 47.
Nf6 Kf8 48. Rf1 Kg7 49. Ne8+ Kg6 50. Nxd6 Kxg5 51. Nxb7 Ng4 52. Nc5 Ne3 53. Rg1+ Kf4 54. Nd3+ Kf5 55. a4 Nc2 0-1

[Event "Late-Titled-Tuesday-Blitz-October-17-2023"]
[Site "Chess.com"]
[Date "2023.10.17"]
[Round "2"]
[White "Marcin"]
[Black "Mariia89"]
[Result "1-0"]
[WhiteElo "2437"]
[BlackElo "2091"]
[TimeControl "180+1"]
[EndTime "14:18:37 PDT"]
[Termination "Marcin won on time"]

1. d4 Nf6 2. c4 c5 3. d5 b5 4. cxb5 a6 5. e3 Qa5+ 6. Bd2 Qb6 7. Nc3 axb5 8. Bxb5 Ba6 9. a4 Bxb5 10. Nxb5 Nxd5 11. Nf3 d6 12. O-O Nc7 13. Nxc7+ Qxc7 14. e4 e6 15. b4 c4 16. Bc3 Nd7 17. a5 Qc6 18. Re1 Be7 19. Bxg7 Rg8 20. Bc3 Bf6 21. Qd2 Rg6 22. Rad1 Be7 23. Nd4 Qb7 24. b5 Ne5 25.
b6 Kf8 26. Nb5 Nf3+ 27. Kh1 Nxd2 28. Rxd2 Qc6 29. Nc7 Rb8 30. f3 Bg5 31. Rb2 Bf6 32.
e5 Bxe5 33. Bxe5 dxe5 34. Rxe5 c3 35. Rc2 Qa4 36. Rc1 Qa2 37. g3 Rh6 38. h4 Qa3 39. Rc2 Qa1+ 40. Kg2 Rd8 41. b7 Qb1 42. a6 Qxc2+ 43.
Kh3 Qb1 44. Rb5 Qh1+ 45. Kg4 Rg6+ 46. Kf4 Qc1+ 47. Ke4 Qc2+ 48. Kf4 Rd4+ 49. Ke5 Qe2+ 50. Kxd4 Qd2+ 51. Kc5 Qd8 52. b8=Q Qxb8 53. Rxb8+ Kg7 54.
Ne8+ Kh6 55. Kd4 c2 56. Rc8 Rxg3 57. a7 1-0

[Event "Late-Titled-Tuesday-Blitz-October-17-2023"]
[Site "Chess.com"]
[Date "2023.10.17"]
[Round "2"]
[White "brunomorado"]
[Black "SchmakAttack"]
[Result "0-1"]
[WhiteElo "2444"]
[BlackElo "2744"]
[TimeControl "180+1"]
[EndTime "14:18:38 PDT"]
[Termination "SchmakAttack won by checkmate"]

1. d4 Nf6 2. Nc3 d5 3. Bg5 e6 4. e4 dxe4 5. Nxe4 Be7 6. Bxf6 gxf6 7. g3 f5 8. Nc3 Bf6 9. Nge2 Nc6 10. d5 Ne5 11.
Bg2 Nc4 12. b3 Nb6 13. Rc1 O-O 14. O-O e5 15. Qd2 Qe7 16. Rfe1 Rd8 17. Qe3 Bd7 18. a4 a5 19. Rcd1 Be8 20. Qf3 Bd7 21. Bh3 e4 22.
Qf4 Be5 23. Qh6 Qd6 24. Qxd6 cxd6 25. Nb1 Rac8 26. c4 Na8 27. Nd4 Bxd4 28. Rxd4 Nc7 29. f3 exf3 30. Nd2 Re8 31. Nxf3 Rxe1+ 32. Nxe1 Re8 33.
Kf2 Kg7 34. Rf4 Kg6 35. Nf3 Kf6 36. Nd4 Re5 37. Nf3 Re7 38. Nd4 Re5 39. Bxf5 Bxf5 40. g4 Na6 41. Nxf5 Nc5 42. Nxd6+ Ke7 43. Nxf7 Nd3+ 44. Kf3 Ne1+ 45. Kf2 Nd3+ 46. Kg3 Re1 47. Rf3 Nc5 48. Ng5 h6 49. Nh3 Rb1 50. Nf4 Nxb3 51. Ng6+ Kd7 52. Rf7+ Kc8 53. Ne7+ Kd7 54.
Nf5+ Kc8 55. d6 Nc5 56. Rf8+ Kd7 57. Rf7+ Kd8 58. Rc7 Ne4+ 59. Kf4 Nxd6 60. Rh7 Nxc4 61. Rxh6 Rb4 62. Kg5 Ne5 63. Nd6 Kd7 64. Kf5 Nxg4 65.
Rh4 Ne3+ 66. Kg5 Rxh4 67. Kxh4 Kxd6 68. Kg5 Ng2 69. Kg4 b5 70. Kg3 bxa4 71. Kxg2 a3 72. Kf2 a2 73. h4 a1=Q 74. h5 a4 75. h6 a3 76. Kf3 Qh8 77. Kg4 a2 78. Kg5 a1=Q 79.
Kg6 Qaf6+ 80. Kh5 Qhxh6+ 81. Kg4 Qff4# 0-1

[Event "Late-Titled-Tuesday-Blitz-October-17-2023"]
[Site "Chess.com"]
[Date "2023.10.17"]
[Round "2"]
[White "karinachess1"]
[Black "Zhigalko_Sergei"]
[Result "0-1"]
[WhiteElo "2603"]
[BlackElo "2952"]
[TimeControl "180+1"]
[EndTime "14:18:39 PDT"]
[Termination "Zhigalko_Sergei won by resignation"]

1. d4 Nf6 2. c4 e6 3. Nc3 Bb4 4. Qc2 O-O 5. a3 Bxc3+ 6. Qxc3 d6 7. Nf3 Nbd7 8. g3 b6 9. Bg2 Bb7 10. O-O a5 11. Bf4 Re8 12. Rfd1 h6 13. b4 Qe7 14. Rac1 Be4 15. Be3 axb4 16. axb4 b5 17. Nd2 Bxg2 18.
Kxg2 bxc4 19. Nxc4 Nd5 20. Qb3 Reb8 21. Bd2 f5 22.
Ra1 N7f6 23. Na5 Qd7 24. Qc4 Rb6 25. Rdb1 Ne4 26. Be1 Rab8 27. Rb3 Qb5 28. Rab1 Qxc4 29. Nxc4 Rc6 30. Ne3 Nxe3+ 31. Rxe3 Kf7 32. f3 Nf6 33.
Reb3 Rc4 34. e3 g5 35. R1b2 g4 36. fxg4 Nxg4 37. Bd2 Nf6 38. b5 Nd5 39. Kf2 Ra4 40. Ke2 h5 41. Kd3 Rba8 42. Rb1 Ra2 43. R3b2 R8a3+ 44. Rb3 Ke7 45. Rxa3 Rxa3+ 46. Ke2 Ra2 47. Kd3 Kd7 48. Rb3 Ra1 49. Rb2 Rh1 50. Ba5 Rd1+ 51. Ke2 Ra1 52. Bd2 Rh1 53. h4 Rh2+ 54. Kd3 Rg2 55. Ra2 Rxg3 56. Ra8 f4 57. Rh8 fxe3 58. Be1 Rh3 59. Rxh5 Nf4+ 60. Ke4 Nxh5 0-1

[Event "Late-Titled-Tuesday-Blitz-October-17-2023"]
[Site "Chess.com"]
[Date "2023.10.17"]
[Round "2"]
[White "Sjakkerntobi"]
[Black "NCchamp"]
[Result "1/2-1/2"]
[WhiteElo "2489"]
[BlackElo "2303"]
[TimeControl "180+1"]
[EndTime "14:18:41 PDT"]
[Termination "Game drawn - insufficient material"]

1. f4 d5 2. Nf3 Nf6 3. g3 c5 4.
Bg2 Nc6 5. O-O g6 6. d3 Bg7 7. Nc3 O-O 8. e4 Rb8 9. e5 Ne8 10. d4 c4 11. Be3 b5 12. Qd2 a5 13. h3 Nc7 14. g4 f5 15. exf6 exf6 16. Rae1 Be6 17.
Nh4 Bf7 18. f5 g5 19. Nf3 h6 20. Bf2 Re8 21. Bg3 Qd7 22. h4 Bf8 23. hxg5 hxg5 24.
Nxg5 fxg5 25. Qxg5+ Kh7 26. Kf2 Rxe1 27. Rxe1 Bg7 28. Rh1+ Kg8 29. Bxc7 Qxc7 30. f6 Be6 31. Nxd5 Qf7 32. Kg1 Rd8 33. fxg7 Qxg7 34. Nf6+ Kf8 35. Nh7+ Kg8 36. Qxg7+ Kxg7 37. Bxc6 Rxd4 38. Bxb5 Rd1+ 39. Kg2 Bd5+ 40. Kg3 Rxh1 41. Ng5 Rg1+ 42. Kf4 Rg2 43. Ba4 Rg1 44. Ke5 Rd1 45. Ne6+ Bxe6 46. Kxe6 Rd4 47.
g5 Rg4 48. Ke5 Rxg5+ 49. Kd4 Rg4+ 50. Kc3 Kf6 51. Bb5 Ke5 52. Bxc4 Kd6 53. Bd3 Kc5 54. Kb3 Rg3 55. Ka3 Re3 56. Ka4 Kb6 57. a3 Rg3 58. b4 Rg4 59. Kb3 axb4 60. axb4 Rg3 61. Kc3 Rh3 62. Kd4 Rh4+ 63. Kd5 Rxb4 64. Ke5 Rb2 65.
Kd4 Rxc2 66. Bxc2 1/2-1/2

[Event "Late-Titled-Tuesday-Blitz-October-17-2023"]
[Site "Chess.com"]
[Date "2023.10.17"]
[Round "2"]
[White "GaiozNigalidze"]
[Black "Tunahan_Makaraci"]
[Result "1-0"]
[WhiteElo "2706"]
[BlackElo "2352"]
[TimeControl "180+1"]
[EndTime "14:18:43 PDT"]
[Termination "GaiozNigalidze won by resignation"]

1. d4 d5 2. c4 e6 3. Nc3 c5 4.
cxd5 exd5 5. Nf3 Nc6 6. e3 c4 7. Be2 Nf6 8. O-O Bb4 9. Bd2 O-O 10. a3 Bxc3 11. Bxc3 Re8 12. Rc1 Bg4 13. h3 Bh5 14. g4 Bg6 15. Ne5 Ne4 16. Nxg6 hxg6 17. Bf3 Qh4 18. Bg2 f5 19. Be1 Qh6 20. b3 b5 21.
bxc4 dxc4 22. Qf3 Rf8 23. a4 a6 24. axb5 axb5 25. Rb1 Rab8 26. Qe2 Qg5 27. Rxb5 Rxb5 28. Qxc4+ Kh7 29. Qxb5 Qf6 30. Qd5 Rd8 31. Qc4 Ne7 32. Qc7 Nd5 33. Qb7 Nec3 34. Qb3 Ne4 35. f3 Ng5 36. h4 Ne6 37. g5 Qe7 38. f4 Nec7 39. Bd2 Qe6 40. Qd3 Rb8 41. Bf3 Rb2 42. Rf2 Nb4 43.
Qa3 Rb1+ 44. Kg2 Ncd5 45. h5 gxh5 46. Bxh5 Nc2 47. Qd3 Ncxe3+ 48. Bxe3 Nxe3+ 49. Kh2 Ra1 50. Bf3 g6 51. d5 Qe7 52. d6 Qe6 53. d7 Ra8 54. d8=Q Rxd8 55. Qxd8 Ng4+ 56. Bxg4 fxg4 57. Qc7+ Kg8 58. Qb8+ Kh7 59. Qe5 Qb3 60. Qc7+ Kg8 61. Qd8+ Kh7 62. Qd7+ Kg8 63. Qxg4 1-0

[Event "Late-Titled-Tuesday-Blitz-October-17-2023"]
[Site "Chess.com"]
[Date "2023.10.17"]
[Round "2"]
[White "ValeriyGrinev"]
[Black "AradNazari"]
[Result "1/2-1/2"]
[WhiteElo "2584"]
[BlackElo "2903"]
[TimeControl "180+1"]
[EndTime "14:18:44 PDT"]
[Termination "Game drawn - insufficient material"]

1. d4 Nf6 2. c4 g6 3. Nc3 d5 4.
Nf3 Bg7 5. cxd5 Nxd5 6. e4 Nxc3 7. bxc3 c5 8. h3 O-O 9. Be2 Qa5 10. Bd2 Qa3 11.
O-O Nc6 12. d5 Ne5 13. Nxe5 Bxe5 14. Qc2 e6 15. f4 Bc7 16. c4 b5 17. cxb5 exd5 18. Rf3 Qxf3 19. Bxf3 dxe4 20. Bxe4 Rb8 21. a4 a6 22. Bc6 Bf5 23. Qc3 axb5 24. axb5 Rfd8 25. Be3 Rd3 26. Qe1 c4 27. Ra7 Rxe3 28. Qxe3 Bb6 29. Qxb6 Rxb6 30. Bd5 Be6 31. Bc6 c3 32.
Ra3 c2 33. Rc3 Bf5 34. Kf2 Bd3 35. Ke3 Bxb5 36. Bxb5 Rxb5 37. Rxc2 h5 38. Kf3 Rb3+ 39. Kf2 h4 40. Rc5 Kg7 41. Rd5 Kf6 42. Rc5 Rd3 43. Rb5 Ke6 44. Ra5 Rd5 45. Ra7 f6 46. Rh7 g5 47.
fxg5 fxg5 48. Rh8 Rd2+ 49. Kf3 Rd3+ 50. Kf2 Kf5 51. Rf8+ Kg6 52. Rg8+ Kh6 53. Rh8+ Kg7 54. Ra8 Rd6 55. Ra5 Kg6 56. Kf3 Rf6+ 57. Ke2 Rf4 58. Ke3 Rb4 59. Rc5 Rb6 60. Kf3 Re6 61. Rb5 Rf6+ 62. Ke3 Rf1 63. Rc5 Kf6 64. Rb5 Rc1 65.
Rb6+ Kf5 66. Rb5+ Kg6 67. Rb6+ Kh5 68. Rb5 Rc2 69. Kf3 Rc3+ 70. Kf2 Kg6 71. Ra5 Rd3 72. Rb5 Kf6 73. Ra5 Rd4 74. Rb5 Re4 75. Kf3 Rf4+ 76. Ke3 Kg6 77. Rb6+ Rf6 78. Rxf6+ Kxf6 79. Kf3 Kf5 80. g3 hxg3 81. Kxg3 Kg6 82. Kg4 Kh6 83. h4 gxh4 84. Kxh4 1/2-1/2

[Event "Late-Titled-Tuesday-Blitz-October-17-2023"]
[Site "Chess.com"]
[Date "2023.10.17"]
[Round "2"]
[White "akanga001"]
[Black "cthulhuuu"]
[Result "0-1"]
[WhiteElo "2047"]
[BlackElo "2415"]
[TimeControl "180+1"]
[EndTime "14:18:45 PDT"]
[Termination "cthulhuuu won on time"]

1. d4 Nf6 2. c4 e5 3. dxe5 Ng4 4. Nf3 Bc5 5. e3 Nc6 6. g3 O-O 7. Bg2 Re8 8. O-O a5 9. Nc3 Ngxe5 10. Rb1 d6 11. a3 Bg4 12. Nd5 Nxc4 13. b4 Ba7 14. h3 Bf5 15. Rb3 Be4 16. Nd4 Bxg2 17. Kxg2 Nxd4 18. exd4 a4 19. Rc3 b5 20. Rf3 c6 21.
Nf4 d5 22. Re1 Rxe1 23. Qxe1 Qe8 24. Qxe8+ Rxe8 25. Nh5 Bxd4 26. Rd3 Bb2 27. Bxb2 Nxb2 28. Rc3 Nc4 29. Nf4 g5 30. Nd3 Kg7 31. Nc5 Kg6 32. g4 h5 33. Nb7 hxg4 34. hxg4 Re4 35. f3 Re2+ 36. Kg3 Re3 37. Rc1 Ne5 38. Rf1 Rxa3 39.
Nd8 Rb3 40. Re1 Nxf3 41. Re7 Ne5+ 42. Kg2 Rb2+ 43. Kg3 Rb3+ 44. Kg2 Kf6 45. Rc7 Nxg4 46. Rxc6+ Kf5 47. Nxf7 Ne3+ 48. Kf3 Nc4+ 49. Kf2 a3 50. Nh6+ Ke5 51. Ra6 Rb2+ 52. Kf3 a2 53. Nf7+ Kd4 54. Nxg5 Rb3+ 55. Ke2 Ra3 56. Rh6 Re3+ 57. Kf2 a1=Q 58. Rh4+ Re4 59. Nxe4 dxe4 0-1

[Event "Late-Titled-Tuesday-Blitz-October-17-2023"]
[Site "Chess.com"]
[Date "2023.10.17"]
[Round "2"]
[White "talaicito"]
[Black "venturov"]
[Result "1-0"]
[WhiteElo "2227"]
[BlackElo "2447"]
[TimeControl "180+1"]
[EndTime "14:18:46 PDT"]
[Termination "talaicito won by checkmate"]

1. d4 Nf6 2. Nc3 d5 3. Bf4 e6 4. e3 c5 5. Nb5 Na6 6. c3 Be7 7. Nf3 O-O 8. Ne5 Bd7 9. a4 c4 10. b3 cxb3 11. Qxb3 Bc6 12. Bd3 Ne4 13. Bxe4 dxe4 14.
Nxc6 bxc6 15. Na3 Bd6 16. Bg3 Rb8 17. Qc2 f5 18. Bxd6 Qxd6 19. Nc4 Qd5 20. Ne5 c5 21. O-O cxd4 22. exd4 Rfc8 23. Qe2 Nc7 24. c4 Qd6 25. Rfd1 Na6 26. c5 Qd5 27. Qxa6 Rd8 28. Qxa7 e3 29.
fxe3 Rb2 30. Nf3 g5 31. Rd2 Rdb8 32. Rad1 g4 33. Ne5 Qe4 34. Qf7+ Kh8 35. Qf6+ Kg8 36.
Qg5+ Kf8 37. Qh6+ Kg8 38. Qf4 Rxd2 39. Rxd2 Rb1+ 40. Kf2 Qb7 41. Qg5+ Kf8 42. Qf6+ Kg8 43. Qxe6+ Kf8 44. Qf6+ Kg8 45. Qg5+ Kf8 46. Qxf5+ Kg8 47.
Qxg4+ Kf8 48. Kg3 Rb3 49. Rf2+ Ke7 50. Qg7+ Ke6 51. Rf6+ Kd5 52. Rd6+ Ke4 53. Qg4+ Kxe3 54. Kh4 Qe7+ 55. Qg5+ Qxg5+ 56. Kxg5 Ra3 57. c6 Rxa4 58. c7 Ra8 59. Rd8 Ra6 60. c8=Q h6+ 61. Kh4 Rf6 62. Qh3+ Kd2 63. Ng4 Ke1 64. Re8+ Kf1 65. Nxf6 h5 66. Qf3+ Kg1 67. Re1+ Kxh2 68. Qh3# 1-0

[Event "Late-Titled-Tuesday-Blitz-October-17-2023"]
[Site "Chess.com"]
[Date "2023.10.17"]
[Round "2"]
[White "Cristi_Coca"]
[Black "Russian_berezka"]
[Result "0-1"]
[WhiteElo "2345"]
[BlackElo "2688"]
[TimeControl "180+1"]
[EndTime "14:18:54 PDT"]
[Termination "Russian_berezka won by resignation"]

1. e4 g6 2. d4 Bg7 3. Nc3 d5 4. exd5 Nf6 5. Bc4 c6 6. dxc6 Nxc6 7. Be3 O-O 8. h3 a6 9. a4 Bf5 10. Nf3 Rc8 11. Bb3 Na5 12. O-O Nxb3 13. cxb3 Nd5 14.
Rc1 Nb4 15. g4 Be6 16. Re1 Qa5 17. Ng5 Bd5 18. Nxd5 Nxd5 19. Ne4 Nxe3 20. fxe3 e5 21. d5 Rxc1 22. Qxc1 Qxd5 23. Qc4 Qd7 24. Rc1 b5 25. axb5 axb5 26. Qe2 Qd5 27. Nc5 Rd8 28.
b4 Bh6 29. Rf1 Qd2 30. Qf3 Qxe3+ 31. Kh1 Qxf3+ 32. Rxf3 Rd2 33. Ne4 Rxb2 34. g5 Bf8 35. Nf6+ Kh8 36. Nd7 Bxb4 37. Nxe5 Bc3 38. Nxf7+ Kg7 39.
Nh6 Rb1+ 40. Kg2 Rb2+ 41. Kh1 Bb4 42. Rf7+ Kh8 43. Rb7 Bf8 44. Rb8 Rf2 45. Kg1 Rf4 46.
Ng4 Kg7 47. Nf6 Bc5+ 48. Kg2 Rf2+ 49. Kg3 Bd6+ 50. Kxf2 Bxb8 51. Nd5 Kf7 52. Ke3 Ke6 53.
Nf6 Kf5 54. Nxh7 Bf4+ 55. Kf3 Bxg5 56. Nf8 Be7 57. Nd7 b4 58. Ke3 Kg5 59. Kd3 Kh4 60. Ne5 g5 61. Nc6 Bf6 62. Kc4 Kxh3 63. Kxb4 g4 64.
Kc4 g3 65. Nd4 Bxd4 66. Kxd4 g2 0-1